TOP OF THE 1ST |
Greensboro Grasshoppers batting - Pitching for Hartford Yard Goats : RHP Curt De Kock
|
Pitching: RHP Curt De Kock
|
|
Batting: RHB Harrie de Kam
|
0-0: Ball 1-0: Swinging Strike 1-1: Swinging Strike 1-2: Foul Ball, location: 2F 1-2: Strikes out looking
|
Batting: RHB Rafael Irizarry
|
0-0: Called Strike 0-1: Ball 1-1: Foul Ball, location: 2F 1-2: Ball 2-2: Ground out 6-3 (Groundball, 56, EV 81.9 MPH)
|
Batting: RHB Nate Crofts
|
0-0: Called Strike 0-1: Ball 1-1: Foul Ball, location: 2F 1-2: Foul Ball, location: 2F 1-2: SINGLE (Flyball, 34D, EV 93.8 MPH)
|
Batting: LHB Ryan Karg
|
0-0: Ground out 1-3 (Groundball, 13S, EV 66.9 MPH)
|
Top of the 1st over - 0 runs, 1 hit, 0 errors, 1 left on base; Greensboro 0 - Hartford 0 |
BOTTOM OF THE 1ST |
Hartford Yard Goats batting - Pitching for Greensboro Grasshoppers : RHP Pat Proctor
|
Pitching: RHP Pat Proctor
|
|
Batting: RHB Doug D'Onofrio
|
0-0: Called Strike 0-1: Ball 1-1: Ground out 4-3 (Groundball, 4, EV 80.0 MPH)
|
Batting: LHB Mick Tucker
|
0-0: Ball 1-0: Ball 2-0: Called Strike 2-1: Ball 3-1: Foul Ball, location: 2F 3-2: Fly out, F9 (Flyball, 9S, EV 81.2 MPH)
|
Batting: RHB Kevin Tangeman
|
0-0: Swinging Strike 0-1: Swinging Strike 0-2: Strikes out swinging
|
Bottom of the 1st over - 0 runs, 0 hits, 0 errors, 0 left on base; Greensboro 0 - Hartford 0 |
TOP OF THE 2ND |
Greensboro Grasshoppers batting - Pitching for Hartford Yard Goats : RHP Curt De Kock
|
Batting: RHB Chris Alft
|
0-0: Ball 1-0: Ball 2-0: Foul Ball, location: 2F 2-1: SINGLE (Line Drive, 9S, EV 101.2 MPH)
|
Batting: LHB Angelo Estrella
|
0-0: Foul Ball, location: 2F 0-1: Ball 1-1: Called Strike 1-2: Strikes out looking
|
Batting: LHB Ryan Thompson
|
0-0: Ball 1-0: Fly out, F9 (Flyball, 9, EV 90.0 MPH)
|
Batting: RHB Dennis Coppolino
|
0-0: Ball 1-0: Called Strike 1-1: Ball 2-1: Called Strike 2-2: Strikes out looking
|
Top of the 2nd over - 0 runs, 1 hit, 0 errors, 1 left on base; Greensboro 0 - Hartford 0 |
BOTTOM OF THE 2ND |
Hartford Yard Goats batting - Pitching for Greensboro Grasshoppers : RHP Pat Proctor
|
Batting: LHB Paul McClintock
|
0-0: DOUBLE (Flyball, 8RXD, EV 100.6 MPH)
|
Batting: SHB Craig Ruzic
|
0-0: Ball 1-0: 2-RUN HOME RUN (Line Drive, 89XD, EV 101.2 MPH), Distance : 395 ft
|
Batting: RHB Seisaburo Edagawa
|
0-0: Ball 1-0: Fly out, F9 (Flyball, 9D, EV 108.8 MPH)
|
Batting: SHB Clayton Saunders
|
0-0: Ball 1-0: Ball 2-0: Ball 3-0: Called Strike 3-1: Base on Balls
|
Batting: RHB Chris Kinder
|
0-0: Called Strike Clayton Saunders steals 2nd base 0-1: Swinging Strike 0-2: Ball 1-2: Ball 2-2: Foul Ball, location: 2F 2-2: SINGLE (Line Drive, 56D, EV 98.1 MPH) Clayton Saunders to third Runner from 3rd tries for Home, SAFE, throw by LF to home
|
Batting: RHB Ighlas Mwara
|
0-0: Foul Ball, location: 2F 0-1: Ball 1-1: Foul Ball, location: 2F 1-2: Strikes out swinging
|
Batting: RHB Doug D'Onofrio
|
0-0: Ball 1-0: Swinging Strike 1-1: SINGLE (Groundball, 34D, EV 98.8 MPH) Chris Kinder to second Runner from 2nd tries for 3rd, SAFE, throw by RF made to third Doug D'Onofrio to second
|
Batting: LHB Mick Tucker
|
0-0: Ball 1-0: Called Strike 1-1: Ball 2-1: Foul Ball, location: 2F 2-2: Strikes out swinging
|
Bottom of the 2nd over - 3 runs, 4 hits, 0 errors, 2 left on base; Greensboro 0 - Hartford 3 |
TOP OF THE 3RD |
Greensboro Grasshoppers batting - Pitching for Hartford Yard Goats : RHP Curt De Kock
|
Batting: RHB Nick Dunton
|
0-0: Foul Ball, location: 2F 0-1: Called Strike 0-2: Ground out 5-3 (Groundball, 56, EV 90.0 MPH)
|
Batting: RHB Harrie de Kam
|
0-0: SINGLE (Groundball, 15S, EV 65.0 MPH) (infield hit)
|
Batting: RHB Rafael Irizarry
|
0-0: Called Strike 0-1: Ball Harrie de Kam is caught stealing 2nd base 2-4 1-1: Ball 2-1: Reached on error, E6 (Groundball, 6, EV 90.0 MPH)
|
Batting: RHB Nate Crofts
|
0-0: Ball Rafael Irizarry steals 2nd base 1-0: Foul Ball, location: 2F 1-1: Called Strike 1-2: Ball 2-2: Ground out 2-3 (Groundball, 15S, EV 71.2 MPH)
|
Top of the 3rd over - 0 runs, 1 hit, 1 error, 1 left on base; Greensboro 0 - Hartford 3 |
BOTTOM OF THE 3RD |
Hartford Yard Goats batting - Pitching for Greensboro Grasshoppers : RHP Pat Proctor
|
Batting: RHB Kevin Tangeman
|
0-0: Ball 1-0: Ball 2-0: DOUBLE (Flyball, 9LD, EV 103.1 MPH)
|
Batting: LHB Paul McClintock
|
0-0: Ball 1-0: Fly out, F8 (Flyball, 8LM, EV 94.4 MPH)
|
Batting: SHB Craig Ruzic
|
0-0: Ball 1-0: Foul Ball, location: 2F 1-1: Fly out, F6 (Line Drive, 6D, EV 70.6 MPH)
|
Batting: RHB Seisaburo Edagawa
|
0-0: Foul Ball, location: 2F 0-1: Foul Ball, location: 2F 0-2: Fly out, F8 (Flyball, 8LM, EV 95.0 MPH)
|
Bottom of the 3rd over - 0 runs, 1 hit, 0 errors, 1 left on base; Greensboro 0 - Hartford 3 |
TOP OF THE 4TH |
Greensboro Grasshoppers batting - Pitching for Hartford Yard Goats : RHP Curt De Kock
|
Batting: LHB Ryan Karg
|
0-0: Swinging Strike 0-1: Ball 1-1: Foul Ball, location: 2F 1-2: Ball 2-2: Strikes out swinging
|
Batting: RHB Chris Alft
|
0-0: Ball 1-0: Ball 2-0: Foul Ball, location: 2F 2-1: Foul Ball, location: 2F 2-2: Strikes out swinging
|
Batting: LHB Angelo Estrella
|
0-0: Ball 1-0: Ball 2-0: Ball 3-0: Called Strike 3-1: Called Strike 3-2: Base on Balls
|
Batting: LHB Ryan Thompson
|
0-0: Ground out 5-3 (Groundball, 56S, EV 84.4 MPH)
|
Top of the 4th over - 0 runs, 0 hits, 0 errors, 1 left on base; Greensboro 0 - Hartford 3 |
BOTTOM OF THE 4TH |
Hartford Yard Goats batting - Pitching for Greensboro Grasshoppers : RHP Pat Proctor
|
Batting: SHB Clayton Saunders
|
0-0: Called Strike 0-1: Ball 1-1: Foul Ball, location: 2F 1-2: Ball 2-2: Strikes out looking
|
Batting: RHB Chris Kinder
|
0-0: Foul Ball, location: 2F 0-1: Ball 1-1: Ball 2-1: Foul Ball, location: 2F 2-2: Strikes out swinging
|
Batting: RHB Ighlas Mwara
|
0-0: Foul Ball, location: 2F 0-1: Ball 1-1: Ball 2-1: Ground out 4-3 (Groundball, 4, EV 84.4 MPH)
|
Bottom of the 4th over - 0 runs, 0 hits, 0 errors, 0 left on base; Greensboro 0 - Hartford 3 |
TOP OF THE 5TH |
Greensboro Grasshoppers batting - Pitching for Hartford Yard Goats : RHP Curt De Kock
|
Batting: RHB Dennis Coppolino
|
0-0: Called Strike 0-1: Ball 1-1: Ball 2-1: Ball 3-1: Base on Balls
|
Batting: RHB Nick Dunton
|
0-0: Ball 1-0: Called Strike 1-1: Foul Ball, location: 2F 1-2: SINGLE (Groundball, 5S, EV 61.9 MPH) (infield hit) Dennis Coppolino to second
|
Batting: RHB Harrie de Kam
|
0-0: Called Strike 0-1: Called Strike 0-2: Ball 1-2: Ball 2-2: Ball 3-2: Grounds into double play, 5-4-3 (Groundball, 56, EV 106.2 MPH) Dennis Coppolino to third
|
Batting: RHB Rafael Irizarry
|
0-0: Ball 1-0: Ball 2-0: Foul Ball, location: 2F 2-1: Swinging Strike 2-2: Foul Ball, location: 2F 2-2: Strikes out looking
|
Top of the 5th over - 0 runs, 1 hit, 0 errors, 1 left on base; Greensboro 0 - Hartford 3 |
BOTTOM OF THE 5TH |
Hartford Yard Goats batting - Pitching for Greensboro Grasshoppers : RHP Pat Proctor
|
Batting: RHB Doug D'Onofrio
|
0-0: Called Strike 0-1: SINGLE (Groundball, 56, EV 94.4 MPH)
|
Batting: LHB Mick Tucker
|
0-0: Ball 1-0: Ball Doug D'Onofrio is caught stealing 2nd base 2-6 2-0: Fly out, F6 (Line Drive, 4, EV 70.6 MPH)
|
Batting: RHB Kevin Tangeman
|
0-0: Foul Ball, location: 2F 0-1: Foul Ball, location: 2F 0-2: Ball 1-2: Foul Ball, location: 2F 1-2: Foul Ball, location: 2F 1-2: Ball 2-2: Foul Ball, location: 2F 2-2: SINGLE (Line Drive, 9LS, EV 88.1 MPH)
|
Batting: LHB Paul McClintock
|
0-0: Called Strike Kevin Tangeman steals 2nd base 0-1: Foul Ball, location: 2F 0-2: SINGLE (Line Drive, 7LS, EV 98.1 MPH) Kevin Tangeman to third Runner from 3rd tries for Home, SAFE, throw by LF to home
|
Batting: SHB Craig Ruzic
|
0-0: Foul Ball, location: 2F 0-1: Ball 1-1: Ball 2-1: Ball 3-1: Base on Balls Paul McClintock to second
|
Pitching: RHP Adam Brown
|
|
Batting: RHB Seisaburo Edagawa
|
0-0: Called Strike 0-1: Ball 1-1: Ball 2-1: DOUBLE (Line Drive, 78M, EV 100.6 MPH) Paul McClintock scores Craig Ruzic to third Runner from 3rd tries for Home, SAFE, throw by CF to home
|
Batting: SHB Clayton Saunders
|
0-0: Ball 1-0: Swinging Strike 1-1: Ball 2-1: Swinging Strike 2-2: Foul Ball, location: 2F 2-2: Strikes out swinging
|
Bottom of the 5th over - 3 runs, 4 hits, 0 errors, 1 left on base; Greensboro 0 - Hartford 6 |
TOP OF THE 6TH |
Greensboro Grasshoppers batting - Pitching for Hartford Yard Goats : RHP Curt De Kock
|
Pitching: RHP Jim Crooks
|
|
Batting: RHB Nate Crofts
|
0-0: Ball 1-0: Ball 2-0: DOUBLE (Groundball, 5L, EV 103.8 MPH)
|
Batting: LHB Ryan Karg
|
0-0: Called Strike 0-1: Foul Ball, location: 2F 0-2: Ball Passed Ball! Nate Crofts to third 1-2: Strikes out swinging
|
Batting: RHB Chris Alft
|
0-0: Fly out, F9 (Flyball, 9LD, EV 99.4 MPH) Runner from 3rd tags up, SCORES, throw by RF
|
Batting: LHB Angelo Estrella
|
0-0: Called Strike 0-1: Foul Ball, location: 2F 0-2: Strikes out swinging
|
Top of the 6th over - 1 run, 1 hit, 0 errors, 0 left on base; Greensboro 1 - Hartford 6 |
BOTTOM OF THE 6TH |
Hartford Yard Goats batting - Pitching for Greensboro Grasshoppers : RHP Adam Brown
|
Batting: RHB Chris Kinder
|
0-0: Ball 1-0: Ground out 4-3 (Groundball, 4, EV 93.1 MPH)
|
Batting: RHB Ighlas Mwara
|
0-0: Ball 1-0: Foul Ball, location: 2F 1-1: Foul Ball, location: 2F 1-2: Ball 2-2: SINGLE (Flyball, 89M, EV 84.4 MPH)
|
Batting: RHB Doug D'Onofrio
|
0-0: SINGLE (Groundball, 4D, EV 107.5 MPH) Ighlas Mwara to second Runner from 2nd tries for 3rd, SAFE, throw by CF made at trailing runner, OUT! 8-6
|
Batting: LHB Mick Tucker
|
0-0: Fly out, F8 (Flyball, 8LD, EV 96.2 MPH)
|
Bottom of the 6th over - 0 runs, 2 hits, 0 errors, 1 left on base; Greensboro 1 - Hartford 6 |
TOP OF THE 7TH |
Greensboro Grasshoppers batting - Pitching for Hartford Yard Goats : RHP Jim Crooks
|
Batting: LHB Ryan Thompson
|
0-0: Ball 1-0: Foul Ball, location: 2F 1-1: Ball 2-1: Called Strike 2-2: Ball 3-2: DOUBLE (Line Drive, 78XD, EV 107.5 MPH)
|
Batting: RHB Dennis Coppolino
|
0-0: Ball 1-0: Called Strike 1-1: Called Strike 1-2: Foul Ball, location: 2F 1-2: Ball 2-2: Ground out 5-3 (Groundball, 56, EV 76.2 MPH)
|
Batting: RHB Nick Dunton
|
0-0: Called Strike 0-1: Reached on error, E5 (Groundball, 25, EV 83.8 MPH) Ryan Thompson to third
|
Batting: RHB Harrie de Kam
|
0-0: Foul Ball, location: 2F 0-1: Ball 1-1: Ball 2-1: Called Strike 2-2: Foul Ball, location: 2F 2-2: Foul Ball, location: 2F 2-2: Strikes out looking
|
Pitching: RHP Josh Blaschke
|
|
Batting: RHB Rafael Irizarry
|
0-0: Foul Ball, location: 2F 0-1: Fly out, F8 (Flyball, 89S, EV 90.0 MPH)
|
Top of the 7th over - 0 runs, 1 hit, 1 error, 2 left on base; Greensboro 1 - Hartford 6 |
BOTTOM OF THE 7TH |
Hartford Yard Goats batting - Pitching for Greensboro Grasshoppers : RHP Adam Brown
|
Batting: RHB Kevin Tangeman
|
0-0: Ball 1-0: Ground out 1-3 (Groundball, 15S, EV 67.5 MPH)
|
Batting: LHB Paul McClintock
|
0-0: Called Strike 0-1: Ball 1-1: SOLO HOME RUN (Flyball, 9LD, EV 92.5 MPH), Distance : 339 ft
|
Batting: SHB Craig Ruzic
|
0-0: Ball 1-0: Ball 2-0: Ball 3-0: Called Strike 3-1: SINGLE (Groundball, 4MD, EV 95.6 MPH)
|
Batting: RHB Seisaburo Edagawa
|
0-0: Called Strike 0-1: SINGLE (Flyball, 6D, EV 85.6 MPH) Craig Ruzic to second
|
Batting: SHB Clayton Saunders
|
0-0: Ball 1-0: Ball 2-0: Fly out, F9 (Flyball, 9S, EV 90.6 MPH)
|
Batting: RHB Chris Kinder
|
0-0: Fielders Choice at 2nd, 6-4 (Groundball, 6, EV 85.0 MPH)
|
Bottom of the 7th over - 1 run, 3 hits, 0 errors, 2 left on base; Greensboro 1 - Hartford 7 |
TOP OF THE 8TH |
Greensboro Grasshoppers batting - Pitching for Hartford Yard Goats : RHP Josh Blaschke
|
Batting: RHB Nate Crofts
|
0-0: Called Strike 0-1: Ground out 6-3 (Groundball, 56, EV 101.9 MPH)
|
Batting: LHB Ryan Karg
|
0-0: Called Strike 0-1: Ground out 4-3 (Groundball, 4, EV 85.6 MPH)
|
Batting: RHB Chris Alft
|
0-0: Ball 1-0: Foul Ball, location: 2F 1-1: Fly out, F9 (Flyball, 9, EV 86.9 MPH)
|
Top of the 8th over - 0 runs, 0 hits, 0 errors, 0 left on base; Greensboro 1 - Hartford 7 |
BOTTOM OF THE 8TH |
Hartford Yard Goats batting - Pitching for Greensboro Grasshoppers : RHP Adam Brown
|
Batting: RHB Ighlas Mwara
|
0-0: Called Strike 0-1: Ball 1-1: Called Strike 1-2: Ball 2-2: Ball 3-2: Base on Balls
|
Batting: RHB Doug D'Onofrio
|
0-0: Swinging Strike 0-1: Foul Ball, location: 2F 0-2: Ball 1-2: Grounds out, U3 (Groundball, 3L, EV 86.2 MPH)
|
Pitching: RHP Joe Lynn
|
|
Batting: LHB Mick Tucker
|
0-0: Ball 1-0: Ball 2-0: Ground out 4-3 (Groundball, 13, EV 82.5 MPH) Ighlas Mwara to third
|
Batting: RHB Kevin Tangeman
|
0-0: Foul Ball, location: 2F 0-1: Called Strike 0-2: Ball Wild Pitch! Ighlas Mwara scores 1-2: Strikes out swinging
|
Bottom of the 8th over - 1 run, 0 hits, 0 errors, 0 left on base; Greensboro 1 - Hartford 8 |
TOP OF THE 9TH |
Greensboro Grasshoppers batting - Pitching for Hartford Yard Goats : RHP Josh Blaschke
|
Batting: LHB Angelo Estrella
|
0-0: Called Strike 0-1: Ball 1-1: Ball 2-1: Fly out, F2 (Popup, 5SF, EV 78.1 MPH)
|
Batting: LHB Ryan Thompson
|
0-0: Foul Ball, location: 2F 0-1: Swinging Strike 0-2: Strikes out swinging
|
Batting: RHB Dennis Coppolino
|
0-0: Ground out 6-3 (Groundball, 6M, EV 89.4 MPH)
|
Top of the 9th over - 0 runs, 0 hits, 0 errors, 0 left on base; Greensboro 1 - Hartford 8 |
|